 Dungeon Crawl Stone Soup version 0.26.1-2-gb8aa6d0cf2 (webtiles) character file.

Game seed: 7817102077034124132

27237 MissingN0 the Slicer (level 13, -11/116 HPs)
             Began as a Minotaur Berserker on Feb 16, 2021.
             Was a High Priest of Trog.
             Mangled by a spriggan berserker
             ... wielding the +1 quarterstaff of Dominance {antimagic, rPois rC- Dex+2 SInv Stlth+}
              (13 damage)
             ... on level 4 of the Lair of Beasts.
             The game lasted 00:41:24 (16380 turns).

MissingN0 the Slicer (Minotaur Berserker)          Turns: 16380, Time: 00:41:24

Health: -11/116    AC: 13    Str: 29    XL:     13   Next: 3%
Magic:  0/10       EV: 18    Int:  4    God:    Trog [*****.]
Gold:   1638       SH: 16    Dex: 16    Spells: 12/12 levels left

rFire    + + .     SeeInvis .   e - +4 rapier (freeze)
rCold    x . .     Faith    .   n - +0 buckler
rNeg     . . .     Spirit   .   i - +3 leather armour {Will+}
rPois    .         Reflect  +   b - +1 hat
rElec    +         Harm     .   (no cloak)
rCorr    .         Rampage  .   u - +0 pair of gloves
Will     ++++.                  g - +1 pair of boots
Stlth    +++.......             l - amulet of reflection
HPRegen  1.29/turn              m - ring of the Gloaming {Fire Str+4 Dex+2}
MPRegen  0.12/turn              s - ring of Newo Cou {rElec rF+ Will+}

@: berserk cooldown, regenerating, slowed, very slow
A: retaliatory headbutt, horns 2, large bone plates 1, thin metallic scales 1,
agile 1, low mp 1
a: Renounce Religion, Berserk, Trog's Hand, Brothers in Arms


You were on level 4 of the Lair of Beasts.
You worshipped Trog.
Trog was extremely pleased with you.
You visited 3 branches of the dungeon, and saw 13 of its levels.

You collected 1638 gold pieces.

Inventory:

Hand Weapons
 e - a +4 rapier of freezing (weapon)
 r - a +3 antimagic rapier
 v - a +0 hand crossbow
 y - a +3 mace
 E - a +1 flail of protection
 F - a +0 great mace of draining
Missiles
 w - 12 curare-tipped darts (quivered)
Armour
 b - a +1 hat (worn)
 g - a +1 pair of boots (worn)
 i - a +3 leather armour of willpower (worn)
 n - a +0 buckler (worn)
 u - a +0 pair of gloves (worn)
Jewellery
 h - an uncursed amulet of guardian spirit
 l - an amulet of reflection (around neck)
 m - the ring of the Gloaming (left hand) {Fire Str+4 Dex+2}
   (You found it on level 4 of the Dungeon)

   [ring of fire]

   It enhances your fire magic.
   It affects your strength (+4).
   It affects your dexterity (+2).
   It protects you from fire.
   It makes you vulnerable to cold.
 s - the ring of Newo Cou (right hand) {rElec rF+ Will+}
   (You found it on level 8 of the Dungeon)

   [ring of willpower]

   It protects you from fire.
   It insulates you from electricity.
   It affects your willpower, your defense against some magical effects.
Wands
 c - a wand of flame (36)
 q - a wand of disintegration (8)
 t - a wand of acid (27)
 x - a wand of iceblast (2)
 C - a wand of enslavement (10)
Scrolls
 d - 3 scrolls of remove curse
 j - 4 scrolls of identify
 k - 11 scrolls of teleportation
 p - a scroll of enchant armour
 B - a scroll of fear
 D - 2 scrolls of magic mapping
Potions
 a - 3 potions of haste
 f - 4 potions of curing
 o - a potion of invisibility
 z - 4 potions of flight


   Skills:
 + Level 11.2 Fighting
 + Level 14.0 Short Blades
 + Level 6.9 Axes
 + Level 6.7 Armour
 + Level 8.7 Dodging
 + Level 4.9 Stealth
 + Level 11.7 Shields
 + Level 0.1 Evocations


You had 12 spell levels left.
You didn't know any spells.
Your spell library was empty.

Dungeon Overview and Level Annotations

Branches:
Dungeon (8/15)             Temple (1/1) D:4            Lair (4/6) D:8
  Swamp (0/4) Lair:3       Spider (0/4) Lair:2

Altars:
Ashenzari
Cheibriados
Dithmenos
Elyvilon
Fedhas
Gozag
Hepliaklqana
Kikubaaqudgha
Makhleb
Nemelex Xobeh
Okawaru
Ru
Sif Muna
Trog
Uskayaw
Vehumet
Wu Jian
Xom
Yredelemnul
The Shining One
Lugonu

Shops:
D:5 *   D:8 :

Annotations:
Lair:2 exclusion: oklob plant
Lair:4 1 transporter, Fifowuza's ghost, journeyman DrTm


Innate Abilities, Weirdness & Mutations

You reflexively headbutt those who attack you in melee.
You have a pair of horns on your head.
You are partially covered in large bone plates. (SH +4)
You are partially covered in thin metallic scales. (AC +2)
You are agile. (Dex +2)
Your magical capacity is low. (-10% MP)


Message History

The spriggan rider hits you from afar with the +8 spear of Insufficient Pleasure {antimagic, rPois Str+3}.
Fifowuza's ghost screams, "Death is your only future!"
You block Fifowuza's ghost's attack.
You block the spriggan berserker's attack.
The spriggan hits you but does no damage.
The spriggan berserker hits you with the +1 quarterstaff of Dominance {antimagic, rPois rC- Dex+2 SInv Stlth+}!!
You block the spriggan rider's attack.
The spriggan hits you with a +0 short sword!
* * * LOW HITPOINT WARNING * * *
Your skin crawls.
You feel strong-willed.
You block the spriggan berserker's attack. x2
The spriggan rider completely misses you.
The spriggan rider hits you from afar with the +10 trident of Laceration {vorpal, *Rage MP-9 Int+9 SInv}!!
* * * LOW HITPOINT WARNING * * *
x2 You are too injured to fight recklessly!
You barely miss the spriggan berserker.
The spriggan berserker is lightly wounded.
The spriggan berserker hits you with the +1 quarterstaff of Dominance {antimagic, rPois rC- Dex+2 SInv Stlth+}!
You die...

....#....##.....# ##...##...P....
.........##....### #..#.##..P....
........##.##..#≈ ##.##.........
........#.. ≈?[.###.#.##.........
........#..##._i...©#.###........
........#...)))†##..#.######.....
........##.....≈#..##..# #......
.........#....i##..#..P#####.....
.........##..iii@###..##.####....
.........(###.iW###..##...##P....
............#####...#.....##..#..
..............©.....#.##...#.....
......................###........
......................##.##....#.
....................#.P..###..###
.........................# #..###
......(.................## ##..P.


You could see 2 spriggan riders, a spriggan berserker (berserk, regenerating,
strong-willed), 2 spriggans and Fifowuza's ghost.

Vanquished Creatures
  Rupert (Lair:3)
  A boulder beetle (Lair:2)
  2 hydras (Lair:3)
  A catoblepas (Lair:2)
  A two-headed ogre (D:8)
  2 bog bodies (Lair:3)
  A moth of wrath (Lair:4)
  3 black mambas
  A molten gargoyle (Lair:2)
  6 elephants (Lair:3)
  5 cane toads
  2 rime drakes
  7 komodo dragons
  A polar bear (Lair:4)
  Grinder (D:6)
  3 blink frogs (Lair:2)
  2 redbacks (Lair:2)
  3 spriggans (Lair:4)
  The ghost of Marvel the Gusty, an amateur TeAE of Vehumet (D:5)
  15 yaks
  A wyvern (Lair:3)
  5 basilisks
  Grum (Lair:1)
  Eustachio (D:4)
  A steam dragon (Lair:4)
  3 swamp worms (Lair:3)
  9 water moccasins
  4 orc warriors (D:8)
  2 ice beasts
  3 phantoms
  3 sky beasts
  2 black bears
  3 ogres
  A centaur (D:8)
  10 wolves
  7 necrophages
  23 bullfrogs
  2 scorpions
  5 killer bees (D:7)
  The ghost of biggernigger the Skirmisher, a weakling DsCK of Xom (D:4)
  2 electric eels
  A centaur zombie (D:6)
  A lava snake (Lair:2)
  5 hounds
  A bullfrog skeleton (D:6)
  6 orc priests
  2 jellies
  2 centaur skeletons
  8 orc wizards
  Natasha (thrice) (D:3)
  3 iguanas
  2 hell rats (Lair:3)
  9 worker ants
  9 adders
  6 river rats (Lair:3)
  A shadow imp (D:5)
  2 white imps
  A howler monkey simulacrum (D:4)
  A worker ant simulacrum (D:4)
  An ooze (D:2)
  An adder zombie (D:5)
  5 worms
  2 dart slugs
  An adder simulacrum (D:4)
  9 leopard geckos
  25 orcs
  4 giant cockroaches
  13 goblins
  9 hobgoblins
  2 jackals (D:5)
  7 kobolds
  7 quokkas
  7 bats
  7 frilled lizards
  A leopard gecko skeleton (D:5)
  3 quokka skeletons
  10 rats
325 creatures vanquished.

Vanquished Creatures (collateral kills)
  A moth of wrath (Lair:4)
  A spriggan (Lair:4)
2 creatures vanquished.

Vanquished Creatures (others)
  Sonja (Lair:4)
  23 fungi
  39 plants
63 creatures vanquished.

Grand Total: 390 creatures vanquished

Notes
Turn   | Place    | Note
-------+----------+-------------------------------------------
     0 | D:1      | MissingN0 the Minotaur Berserker began the quest for the
                  | Orb.
     0 | D:1      | Reached XP level 1. HP: 19/19 MP: 0/0
   204 | D:1      | Reached XP level 2. HP: 27/27 MP: 1/1
   449 | D:1      | Gained mutation: Your magical capacity is low. (-10% MP)
                  | [potion of mutation]
   449 | D:1      | Gained mutation: You are agile. (Dex +2) [potion of
                  | mutation]
   449 | D:1      | Gained mutation: You are partially covered in thin metallic
                  | scales. (AC +2) [potion of mutation]
   449 | D:1      | Gained mutation: You are partially covered in large bone
                  | plates. (SH +4) [potion of mutation]
  1076 | D:2      | Reached XP level 3. HP: 21/33 MP: 1/1
  1226 | D:2      | Found a faded altar of an unknown god.
  1545 | D:2      | Reached ** piety under Trog
  1620 | D:2      | Reached XP level 4. HP: 37/40 MP: 2/2
  1704 | D:2      | Reached skill level 5 in Axes
  2647 | D:3      | Found a radiant altar of Vehumet.
  2678 | D:3      | Noticed Natasha
  2684 | D:3      | Killed Natasha
  2685 | D:3      | Reached skill level 1 in Shields
  2861 | D:3      | Noticed Natasha
  2864 | D:3      | Reached XP level 5. HP: 38/47 MP: 3/3
  2876 | D:3      | Killed Natasha
  3147 | D:3      | Noticed Natasha
  3154 | D:3      | Killed Natasha
  3226 | D:3      | Found a sparkling altar of Nemelex Xobeh.
  3970 | D:3      | Reached *** piety under Trog
  4051 | D:4      | Found a runed translucent gate.
  4051 | D:4      | Found a runed translucent gate.
  4054 | D:4      | Found a runed translucent gate.
  4181 | D:4      | Noticed Eustachio
  4217 | D:4      | HP: 2/47 [Eustachio/+2 rapier of freezing (3)]
  4491 | D:4      | Reached XP level 6. HP: 53/53 MP: 4/4
  4564 | D:4      | Noticed an ice beast
  4574 | D:4      | Noticed biggernigger's ghost (weakling DsCK)
  4910 | D:4      | Killed Eustachio
  5201 | D:4      | Found a staircase to the Ecumenical Temple.
  5207 | Temple   | Entered the Ecumenical Temple
  5445 | D:4      | Killed an ice beast
  5446 | D:4      | Reached skill level 5 in Fighting
  5446 | D:4      | Reached XP level 7. HP: 49/61 MP: 5/5
  5518 | D:4      | Killed biggernigger's ghost
  5809 | D:4      | Got the ring of the Gloaming {Fire}
  5815 | D:4      | Identified the ring of the Gloaming {Fire Str+4 Dex+2} (You
                  | found it on level 4 of the Dungeon)
  5940 | D:5      | Entered Level 5 of the Dungeon
  6035 | D:5      | Reached skill level 1 in Short Blades
  6156 | D:5      | Found Neffoe's Elemental Accessories.
  6240 | D:5      | Reached skill level 2 in Short Blades
  6529 | D:5      | Found a runed translucent door.
  6556 | D:5      | Noticed Marvel's ghost (amateur TeAE)
  6579 | D:5      | Found an iron altar of Okawaru.
  6579 | D:5      | Found a blossoming altar of Fedhas.
  6586 | D:5      | Found a shimmering blue altar of Sif Muna.
  6588 | D:5      | Found a sparkling altar of Nemelex Xobeh.
  6590 | D:5      | Found an ornate altar of the Wu Jian Council.
  6802 | D:5      | Reached skill level 3 in Short Blades
  6805 | D:5      | Reached skill level 1 in Stealth
  6805 | D:5      | Reached XP level 8. HP: 53/69 MP: 6/6
  6818 | D:5      | Killed Marvel's ghost
  6819 | D:5      | Reached skill level 4 in Short Blades
  7043 | D:6      | Noticed Grinder
  7051 | D:6      | Killed Grinder
  7052 | D:6      | Reached skill level 5 in Short Blades
  7052 | D:6      | Reached skill level 5 in Shields
  7054 | D:6      | Reached **** piety under Trog
  7114 | D:6      | Reached skill level 6 in Short Blades
  7363 | D:6      | Reached skill level 5 in Dodging
  7363 | D:6      | Reached XP level 9. HP: 77/77 MP: 7/7
  7627 | D:6      | Reached skill level 7 in Short Blades
  8121 | D:7      | Found a sacrificial altar of Ru.
  8263 | D:7      | Found a glowing golden altar of the Shining One.
  8357 | D:7      | Reached skill level 8 in Short Blades
  8618 | D:7      | Found an opulent altar of Gozag.
  8624 | D:7      | Found a burning altar of Makhleb.
  8627 | D:7      | Found a white marble altar of Elyvilon.
  8688 | D:7      | Found a shimmering altar of Xom.
  8835 | D:8      | Reached ***** piety under Trog
  8954 | D:8      | Noticed a two-headed ogre
  8965 | D:8      | Killed a two-headed ogre
  8966 | D:8      | Reached skill level 9 in Short Blades
  8966 | D:8      | Reached XP level 10. HP: 7/86 MP: 8/8
  9321 | D:8      | Found a flagged portal.
  9350 | D:8      | Got a warped platinum ring
  9356 | D:8      | Identified the ring of Newo Cou {rElec rF+ Will+} (You
                  | found it on level 8 of the Dungeon)
  9526 | D:8      | Found Cakoylax's Book Shoppe.
  9619 | D:8      | Reached skill level 5 in Armour
  9882 | D:8      | Found a staircase to the Lair.
 10024 | D:8      | Received a gift from Trog
 10282 | Lair:1   | Entered Level 1 of the Lair of Beasts
 10317 | Lair:1   | Reached skill level 10 in Short Blades
 10327 | Lair:1   | Noticed a cane toad
 10334 | Lair:1   | Killed a cane toad
 10350 | Lair:1   | Noticed Grum
 10363 | Lair:1   | Killed Grum
 10399 | Lair:1   | Noticed a cane toad
 10404 | Lair:1   | Killed a cane toad
 10932 | Lair:2   | Reached XP level 11. HP: 94/97 MP: 8/8
 10961 | Lair:2   | Reached skill level 11 in Short Blades
 11279 | Lair:2   | Found a white marble altar of Elyvilon.
 11343 | Lair:2   | Noticed a boulder beetle
 11871 | Lair:2   | Found a hole to the Spider Nest.
 11935 | Lair:2   | Noticed a catoblepas
 11962 | Lair:2   | Killed a catoblepas
 12483 | Lair:2   | Noticed an oklob plant
 12692 | Lair:2   | Killed a boulder beetle
 12878 | Lair:2   | Identified a scroll of acquirement
 12879 | Lair:2   | Acquired 810 gold pieces
 12904 | Lair:3   | Reached skill level 12 in Short Blades
 13245 | Lair:3   | Noticed a six-headed hydra
 13252 | Lair:3   | Killed a six-headed hydra
 13489 | Lair:3   | Noticed a five-headed hydra
 13497 | Lair:3   | Reached skill level 10 in Shields
 13502 | Lair:3   | Reached skill level 10 in Fighting
 13504 | Lair:3   | Killed a five-headed hydra
 13563 | Lair:3   | Reached XP level 12. HP: 106/106 MP: 9/9
 13605 | Lair:3   | Noticed Rupert
 13629 | Lair:3   | Killed Rupert
 13630 | Lair:3   | Reached skill level 13 in Short Blades
 14469 | Lair:3   | Found a staircase to the Swamp.
 14983 | Lair:4   | Noticed Sonja
 14997 | Lair:4   | Killed Sonja
 15009 | Lair:4   | HP: 5/110 [komodo dragon (24)]
 15625 | Lair:4   | Found a transporter.
 15625 | Lair:4   | Identified the +8 spear of Insufficient Pleasure
                  | {antimagic, rPois Str+3}
 15627 | Lair:4   | Noticed Fifowuza's ghost (journeyman DrTm)
 15630 | Lair:4   | Found a transporter.
 15639 | Lair:4   | Identified the +10 trident of Laceration {vorpal, *Rage
                  | MP-9 Int+9 SInv}
 15940 | Lair:4   | Identified the +1 quarterstaff of Dominance {antimagic,
                  | rPois rC- Dex+2 SInv Stlth+}
 16341 | Lair:4   | Found a bloodstained altar of Trog.
 16349 | Lair:4   | Reached skill level 14 in Short Blades
 16349 | Lair:4   | Noticed a death yak
 16355 | Lair:4   | Reached XP level 13. HP: 116/116 MP: 10/10
 16379 | Lair:4   | HP: 1/116 [spriggan rider/the +10 trident of Laceration
                  | {vorpal, *Rage MP-9 Int+9 SInv} (8)]
 16380 | Lair:4   | Mangled by a spriggan berserker

Illustrated notes

Levels and vault maps discovered:
D:1:      dpeg_arrival_round_b, layout_basic, kennysheep_minor_cross,
          dk_noncrumbling_3
D:2:      layout_basic, chequers_ecumenical_altar_simple_redux,
          minmay_pentomino_pile
D:3:      layout_basic, vehumet_crystals, chequers_hall_statues_corner_a,
          nemelex_lonely_heart_becter, uniq_natasha
D:4:      layout_layer_cave, minmay_temple_entry_enclosed_plants,
          gammafunk_ghost_icy, eino_small_chamber_without_monster,
          grunt_decor_fettered, uniq_eustachio
D:5:      layout_cave_pools, chequers_temple_overflow_minitemple,
          ebering_ghost_sewer_d, nicolae_elemental_shop, minmay_checkerbox
D:6:      layout_basic, serial_bayou, serial_bayou_pond_d, serial_bayou_shore_b,
          serial_bayou_ford_a, serial_bayou_pond_d,
          minmay_misc_feat_more_columns, uniq_grinder
D:7:      layout_basic, tso_oasis_becter, nicolae_ru_the_path_less_chosen,
          grunt_temple_overflow_cloverleaf, kennysheep_windowed_goal
D:8:      layout_loops_ring, grunt_lair_entry_orc_guard_hut, enter_bailey_3,
          serial_shops, shop_statue
Temple:   corrupted_temple
Lair:1:   layout_misc_corridors, uniq_grum
Lair:2:   layout_gridlike, spider_nest_entry_webs, lemuel_oklob_altar,
          infiniplex_staircase_pool_2
Lair:3:   layout_regular_city, nicolae_swamp_entry_splash_gauntlet,
          kennysheep_rathole, uniq_rupert
Lair:4:   layout_cave_shapes, gammafunk_ghost_wrathful_warriors,
          roderic_carrion_pond, grunt_megastairs_2, uniq_sonja

Skill      XL: |  1  2  3  4  5  6  7  8  9 10 11 12 |
---------------+-------------------------------------+-----
Axes           | 4 5 6 |  6.9
Fighting       | 4 5 6 7 9 10 11 | 11.2
Shields        | 1 2 3 4 5 7 9 10 11 | 11.7
Armour         | 3 4 5 6 |  6.7
Dodging        | 3 4 5 6 7 8 |  8.7
Short Blades   | 3 6 9 10 12 14 | 14.0
Stealth        | 1 2 3 4 |  4.9
Evocations     | |  0.1

Action                   |  1- 3 |  4- 6 |  7- 9 | 10-12 | 13-15 || total
-------------------------+-------+-------+-------+-------+-------++-------
Melee: Hand axe          |    80 |   181 |       |       |       ||   261
       Headbutt          |    22 |    32 |    53 |   164 |     3 ||   274
       Rapier            |       |     9 |   248 |   534 |    19 ||   810
Invok: Berserk           |       |     2 |     3 |     8 |       ||    13
       Brothers in Arms  |       |       |       |     1 |       ||     1
       Trog's Hand       |       |       |       |       |     1 ||     1
Evoke: Wand              |       |       |       |     2 |     1 ||     3
  Use: Potion            |     4 |     9 |     1 |     2 |     1 ||    17
       Scroll            |     4 |     3 |     3 |     9 |       ||    19
 Stab: Sleeping          |     1 |       |     3 |     5 |       ||     9
Armor: Animal skin       |    10 |       |       |       |       ||    10
       Leather armour    |     6 |    46 |    38 |    56 |     2 ||   148
Dodge: Dodged            |    38 |   114 |    66 |   146 |    13 ||   377
Block: Other             |    12 |    92 |    10 |       |       ||   114
       Reflection        |       |     3 |       |     6 |       ||     9
       Buckler           |       |       |   127 |   251 |    16 ||   394
